 Dungeon Crawl Stone Soup version 0.31-a0-278-g485e682e34 (webtiles) character file.

Game seed: 15561736949456245543

21988 MacCMillion the Grappler (level 12, -4/130 HPs)
             Began as a Troll Shapeshifter on July 16, 2023.
             Was a High Priest of Wu Jian.
             Slain by a reaper
             ... wielding a +1 scythe of freezing
              (30 damage)
             ... in an ice cave.
             The game lasted 00:25:12 (12286 turns).

MacCMillion the Grappler (Troll Shapeshifter)      Turns: 12286, Time: 00:25:12

Health: -4/130     AC:  9    Str: 30    XL:     12   Next: 59%
Magic:  11/11      EV:  9    Int: 11    God:    Wu Jian [*****.]
Gold:   839        SH:  0    Dex: 10    Spells: 11/11 levels left

rFire   x x          .
                       - Unarmed
rCold   + + .        (shield currently unavailable)
rNeg    . . .        M - +7 toga "Victory" {*Victory Int+7 Slay+7 Clar}
rPois   .            (helmet restricted)
rElec   .            (no cloak)
rCorr   .            (gloves unavailable)
SInv    .            (boots unavailable)
Will    .....        F - amulet of the acrobat
Stlth   +            n - ring of ice
HPRegen 1.21/turn    k - ring of ice
MPRegen 0.12/turn

%: acrobat, clarity
@: exhausted, blade hands
A: large, unfitting armour, claws 3, regeneration 1, shaggy fur 1, tough skin 1
a: Begin Untransformation, Renounce Religion, Wall Jump, Serpent's Lash,
Heavenly Storm


You were in an ice cave.
You worshipped Wu Jian.
Wu Jian was extremely pleased with you.
You had blades for hands.
You visited 2 branches of the dungeon, and saw 12 of its levels.
You also visited: Bailey and Ice Cave.

You collected 943 gold pieces.
You spent 104 gold pieces at shops.

Inventory:

Missiles
 i - 2 silver javelins
 H - 6 silver boomerangs
 O - 5 javelins
 P - 43 poisoned darts
 T - a boomerang
 U - 7 curare-tipped darts
 Z - 9 large rocks
Armour
 d - a +0 hat of see invisible
 M - the +7 toga "Victory" (worn) {*Victory Int+7 Slay+7 Clar}
   (You found it on level 6 of the Dungeon)

   *Victory:  When the wearer kills a threatening monster, it has a chance to
   gain +1 AC, +1 Slay, and +1 Int, capping at +7.
   When the wearer uses a scroll or a potion with a hostile monster in sight,
   its bonuses reset to +0.
   Unequipping it also resets its bonuses to +0.
   Int:       It affects your intelligence (+7).
   Slay:      It affects your accuracy & damage with ranged weapons and melee
   (+7).
   Clar:      It protects you from confusion, rage, mesmerisation and fear.
 N - the +1 cloak of Wetiteygg {Will+ Stlth+}
   (You found it on level 6 of the Dungeon)

   Will:      It increases your willpower.
   Stlth:     It makes you more stealthy.
 V - a +2 cloak
Jewellery
 a - a ring of willpower
 e - a ring of fire
 k - a ring of ice (right blade hand)
 n - a ring of ice (left blade hand)
 y - a ring of positive energy
 A - a ring of fire
 D - a ring of see invisible
 F - an amulet of the acrobat (around neck)
 S - a ring of protection from fire
Talismans
 c - a beast talisman
 W - a blade talisman
Wands
 o - a wand of mindburst (8)
 C - a wand of iceblast (6)
 I - a wand of flame (33)
 Q - a wand of light (14)
 R - a wand of charming (17)
Scrolls
 f - 3 scrolls of noise
 g - 2 scrolls of vulnerability {unknown}
 h - 7 scrolls of teleportation {unknown}
 m - 2 scrolls of enchant armour
 q - a scroll of blinking
 r - 2 scrolls of revelation
 u - 3 scrolls of fear {unknown}
 x - 2 scrolls of poison {unknown}
 B - 4 scrolls of immolation
 E - a scroll of brand weapon
 G - a scroll of fog
 K - 3 scrolls of amnesia {unknown}
 X - 2 scrolls of butterflies
Potions
 b - 3 potions of lignification
 j - 3 potions of heal wounds
 l - 5 potions of haste
 p - a potion of cancellation {unknown}
 s - 3 potions of enlightenment
 t - 4 potions of curing
 v - 10 potions of ambrosia
 w - a potion of attraction {unknown}
 z - a potion of might {unknown}
 J - a potion of magic {unknown}
 L - a potion of brilliance {unknown}
 Y - a potion of invisibility {unknown}


   Skills:
 + Level 11.2 Fighting
 - Level 1.6 Dodging
 + Level 11.6 Unarmed Combat
 + Level 11.1 Shapeshifting


You had 11 spell levels left.
You didn't know any spells.
Your spell library contained the following spells:

 Spells                   Type           Power      Damage    Failure   Level
 Sandblast                Erth           0%         2d4       77%         1
 Sting                    Tmut/Pois      0%         1d3       77%         1
 Passwall                 Tmut/Erth      0%         N/A       86%         2
 Poisonous Vapours        Pois/Air       0%         N/A       86%         2
 Sublimation of Blood     Necr           0%         N/A       86%         2
 Wereblood                Tmut           0%         N/A       86%         2
 Stone Arrow              Conj/Erth      0%         3d7       96%         3
 Olgreb's Toxic Radiance  Pois           0%         N/A       100%        4
 Summon Hydra             Summ           0%         N/A       100%        7


Dungeon Overview and Level Annotations

Branches:
Dungeon (11/15)            Temple (0/1) D:6            Lair (1/5) D:9
    Orc (0/2) D:10         Bailey (visited)           IceCv (1/1)

Altars:
Cheibriados
Dithmenos
Elyvilon
Fedhas
Gozag
Makhleb
Nemelex Xobeh
Okawaru
Qazlal
Trog
Uskayaw
Vehumet
Wu Jian
Xom
Yredelemnul
The Shining One

Shops:
D:2 !   D:5 :   D:9 [

Annotations:
D:4 1 runed translucent door, Crazy Yiuf
D:5 2 transporters, Olga's ghost, novice DrRe
D:7 3 runed translucent doors, Gargoyl's ghost, novice GrBe
D:9 exclusions: 3 lava snakes, orange crystal statue and 2 more exclusions


Innate Abilities, Weirdness & Mutations

You have blades for hands.
Your spellcasting is less reliable in this form.
You are incapable of wielding weapons or throwing items.
You are too large for most types of armour.
You have claws for hands.
Your natural rate of healing is unusually fast.
You are covered in fur. (AC +1)
You have tough skin. (AC +1)


Message History

You slash the two-headed ogre simulacrum!!
The two-headed ogre simulacrum vaporises!
The Council accepts your kill.
You lunge at the polar bear simulacrum.
You slice the polar bear simulacrum!!
The polar bear simulacrum vaporises!
The Council accepts your kill.
The harpy simulacrum claws you but does no damage.
The harpy simulacrum claws you. The harpy simulacrum freezes you. You resist.
You shred the harpy simulacrum!!!
The harpy simulacrum vaporises!
The Council accepts your kill.
You lunge at the reaper.
You hit the reaper. You slash the reaper, but do no damage.
The reaper is lightly wounded.
The reaper hits you with a +1 scythe of freezing!!
The reaper freezes you.
You hit the reaper but do no damage.
The reaper is lightly wounded.
The reaper hits you with a +1 scythe of freezing!
You closely miss the reaper.
The reaper is lightly wounded.
You slice the reaper!!
The reaper is moderately wounded.
The reaper hits you with a +1 scythe of freezing!
The reaper freezes you.
Your muscles tense, ready for explosive movement...
You lunge with incredible momentum at the reaper.
You slash the reaper!
The reaper is heavily wounded.
Your supernatural speed expires.
You slash the reaper!
The reaper is severely wounded.
The reaper hits you with a +1 scythe of freezing!!
* * * LOW HITPOINT WARNING * * *
The reaper freezes you.
* * * LOW HITPOINT WARNING * * *
You closely miss the reaper.
The reaper is severely wounded.
The reaper hits you with a +1 scythe of freezing!!
You die...

##### ########## #.[.#
#.Z.##2@°#########...#
#...##Z.Z##...#..#.....###


#ZZ.Z ########..#....#####~ ZZZZ #..#####.~~#~#~ .ZZ ##..##..~#~~~~# #2
###...##~~≈#~~ # #### ####### # # You could see a reaper, a wolf simulacrum and
a naga simulacrum.

Vanquished Creatures
  An ogre mage (D:10)
  2 boulder beetles
  2 two-headed ogres
  A centaur warrior (D:10)
  A skeletal warrior (D:10)
  An orc knight (D:10)
  A deep elf pyromancer (D:10)
  2 cyclopes
  An ice statue (IceCv)
  2 gargoyles
  2 cane toads (Lair:1)
  2 komodo dragons (Lair:1)
  A freezing wraith (D:10)
  An anaconda simulacrum (IceCv)
  4 trolls
  A queen bee (Lair:1)
  3 slime creatures (D:10)
  A shadow (D:10)
  3 wraiths
  3 wyverns (D:9)
  A water elemental (D:11)
  A dire elephant simulacrum (IceCv)
  22 yaks
  A basilisk (D:9)
  A steam dragon (D:9)
  An unseen horror simulacrum (D:10)
  A vampire mosquito (D:10)
  2 death yak simulacra (IceCv)
  A harpy simulacrum (IceCv)
  4 water moccasins
  3 acid dragons
  A hydra simulacrum (IceCv)
  5 ice beasts
  2 sky beasts
  3 orc warriors
  7 black bears
  An ogre (D:4)
  2 centaurs
  A wolf (D:9)
  A boggart (D:10)
  6 kobold brigands
  5 bullfrogs
  5 scorpions
  A gnoll sergeant (D:11)
  A two-headed ogre simulacrum (IceCv)
  5 wights
  33 killer bees
  An elephant simulacrum (IceCv)
  4 howler monkeys
  3 electric eels (D:11)
  2 hounds
  6 orc priests
  3 iguanas
  9 orc wizards
  2 polar bear simulacra (IceCv)
  2 spriggan simulacra (IceCv)
  4 wolf simulacra
  2 troll simulacra (IceCv)
  4 gnolls (D:11)
  5 adders
  4 naga simulacra (IceCv)
  5 white imps
  4 ufetubi (IceCv)
  A worm (D:2)
  3 dart slugs
  42 orcs
  7 endoplasms
  2 giant cockroaches
  13 goblins
  5 hobgoblins
  12 jackals
  2 quokkas
  4 ball pythons
  5 bats
  2 frilled lizards
  45 kobolds
  7 rats
362 creatures vanquished.

Vanquished Creatures (others)
  An orc (D:7)
1 creature vanquished.

Grand Total: 363 creatures vanquished

Notes
Turn   | Place    | Note
-------+----------+-------------------------------------------
     0 | D:1      | MacCMillion the Troll Shapeshifter began the quest for the
                  | Orb.
     0 | D:1      | Reached XP level 1. HP: 19/19 MP: 0/0
   144 | D:1      | Reached XP level 2. HP: 28/28 MP: 1/1
   738 | D:2      | Reached XP level 3. HP: 35/35 MP: 2/2
  1195 | D:2      | Found Loar's Distillery.
  1203 | D:2      | Bought a potion of curing for 39 gold pieces
  1280 | D:2      | Reached XP level 4. HP: 42/42 MP: 3/3
  1563 | D:2      | Bought a potion of heal wounds for 65 gold pieces
  2170 | D:4      | Noticed a scorpion
  2178 | D:3      | Reached skill level 5 in Unarmed Combat
  2178 | D:3      | Reached XP level 5. HP: 42/49 MP: 4/4
  2226 | D:4      | Reached XP level 6. HP: 52/57 MP: 5/5
  2274 | D:4      | Found a runed translucent door.
  2275 | D:4      | Noticed Crazy Yiuf
  2782 | D:4      | Found a basalt altar of Yredelemnul.
  2919 | D:4      | Found a sparkling altar of Nemelex Xobeh.
  3002 | D:4      | Found an ornate altar of the Wu Jian Council.
  3089 | D:4      | Became a worshipper of the Wu Jian Council
  3101 | D:5      | Entered Level 5 of the Dungeon
  3143 | D:5      | Found Deniss's Vocational Training.
  3180 | D:5      | Found a blossoming altar of Fedhas.
  3246 | D:5      | Reached XP level 7. HP: 63/63 MP: 6/6
  3314 | D:5      | HP: 1/63 [orc priest/+0 mace (6)]
  3654 | D:5      | Found a shadowy altar of Dithmenos.
  3668 | D:5      | Found a transporter.
  3668 | D:5      | Noticed a yak
  3668 | D:5      | Noticed Olga's ghost (novice DrRe)
  3806 | D:5      | Found a transporter.
  4140 | D:6      | Found a radiant altar of Vehumet.
  4192 | D:6      | Found an opulent altar of Gozag.
  4193 | D:6      | Found an iron altar of Okawaru.
  4213 | D:6      | Found the +0 toga "Victory" {*Victory Clar}
  4235 | D:6      | Identified the +8 falchion of Zirow {flame, rC+ MP+9 Int+3}
  4251 | D:6      | Found a bloodstained altar of Trog.
  4272 | D:6      | Identified the +1 cloak of Wetiteygg {Will+ Stlth+}
  4400 | D:6      | Found a staircase to the Ecumenical Temple.
  4407 | D:6      | Reached * piety under Wu Jian
  4408 | D:6      | Reached XP level 8. HP: 67/71 MP: 7/7
  4532 | D:6      | Found a white marble altar of Elyvilon.
  4647 | D:7      | Found a glowing golden altar of the Shining One.
  4690 | D:7      | Found a stormy altar of Qazlal.
  4743 | D:6      | Reached skill level 10 in Unarmed Combat
  5162 | D:7      | Found a runed translucent gate.
  5163 | D:7      | Found a runed translucent gate.
  5163 | D:7      | Noticed Gargoyl's ghost (novice GrBe)
  5164 | D:7      | Found a runed translucent gate.
  5166 | D:7      | Identified the +1 chain mail "Mafeuh" {Will+ SInv}
  5228 | D:7      | Found a burning altar of Makhleb.
  5675 | D:8      | Reached XP level 9. HP: 75/84 MP: 8/8
  5705 | D:8      | Reached skill level 5 in Shapeshifting
  5873 | D:8      | Reached ** piety under Wu Jian
  6244 | D:8      | Reached skill level 5 in Fighting
  6493 | D:8      | Identified the +2 cloak of Plog {Int+9}
  6655 | D:9      | Noticed an orange crystal statue
  7095 | D:9      | Reached XP level 10. HP: 67/100 MP: 9/9
  7226 | D:9      | Reached *** piety under Wu Jian
  7240 | D:9      | Found a staircase to the Lair.
  7403 | D:9      | Noticed a gargoyle
  7411 | D:9      | Killed a gargoyle
  7459 | D:9      | Found a shimmering altar of Xom.
  7628 | D:9      | Found a snail-covered altar of Cheibriados.
  8060 | D:9      | Found Rarr's Antique Armour Shoppe.
  8431 | D:10     | Entered Level 10 of the Dungeon
  8577 | D:10     | Noticed a two-headed ogre
  8585 | D:10     | Killed a two-headed ogre
  8598 | D:10     | Found a flagged portal.
  8618 | Bailey   | Entered a bailey
  8702 | D:10     | Found a staircase to the Orcish Mines.
  8720 | D:10     | Found a hide-covered altar of Uskayaw.
  8815 | D:10     | Reached XP level 11. HP: 111/113 MP: 10/10
  8821 | D:10     | Reached **** piety under Wu Jian
  8995 | D:10     | Noticed a centaur warrior
  9004 | D:10     | Killed a centaur warrior
  9076 | D:10     | Noticed a deep elf pyromancer
  9083 | D:10     | Killed a deep elf pyromancer
  9774 | D:10     | Noticed an ogre mage
  9826 | D:10     | Noticed an orc knight
  9834 | D:10     | Killed an orc knight
  9835 | D:10     | Reached skill level 10 in Shapeshifting
  9835 | D:10     | Killed an ogre mage
  9835 | D:10     | Noticed a boulder beetle
  9836 | D:10     | Reached skill level 10 in Fighting
  9840 | D:10     | Killed a boulder beetle
  9862 | D:10     | Noticed a skeletal warrior
  9867 | D:10     | Killed a skeletal warrior
 10128 | D:11     | Noticed a two-headed ogre
 10148 | D:11     | Killed a two-headed ogre
 10189 | D:11     | Reached XP level 12. HP: 114/127 MP: 11/11
 10294 | D:11     | Noticed a boulder beetle
 10316 | D:11     | Killed a boulder beetle
 10968 | Lair:1   | Entered Level 1 of the Lair of Beasts
 11056 | Lair:1   | Reached ***** piety under Wu Jian
 11258 | Lair:1   | Found a frozen archway.
 11328 | IceCv    | Entered an ice cave
 11633 | IceCv    | Identified the +0 pair of gloves "Fywymn" {Will+}
 12263 | IceCv    | Noticed a reaper
 12286 | IceCv    | Slain by a reaper

Illustrated notes

Levels and vault maps discovered:
D:1:      lightli_arrival_noodles, layout_basic, chequers_serial_rivers_micro_d,
          minmay_tetromino_l2
D:2:      layout_basic, serial_shops, shop
D:3:      kennysheep_the_goblin_king, layout_basic
D:4:      minmay_skewed_foursquare, layout_rooms, lemuel_crystal_altar,
          nzn_wu_jian_contemplation, lemuel_crystal_altar,
          uniq_crazy_yiuf_cottage
D:5:      layout_loops_cross, general_overflow_altar, lemuel_crystal_altar,
          gammafunk_ghost_arena, nicolae_shop_vocational
D:6:      layout_basic, mainiacjoe_overflow_paths, mainiacjoe_overflow_alcove_4,
          lemuel_crystal_altar, okawaru_ov_weapons_minmay, fiery_altar_vehumet,
          temple_fountains, serial_curves, eino_curves_01, eino_curves_04,
          serial_bayou_pond_d
D:7:      layout_loops_cross, marbit_many_paths, tso_metal_star,
          mainiacjoe_overflow_concentric_impassable, biasface_ghost_orc_armoury,
          nicolae_benzene_ring
D:8:      layout_layer_cave
D:9:      kennysheep_kobold_camp, layout_loops_ring, kennysheep_slug_shrine,
          kennysheep_little_box, minmay_lair_entry_grove, serial_shops, shop,
          disabler_island
D:10:     hangedman_cross_veins, layout_stronghold, amcnicky_altar_gilded,
          enter_bailey_5
D:11:     layout_rooms, serial_bayou, serial_bayou_ford_a, serial_bayou_pond_c,
          serial_bayou_pond_a, serial_bayou_pond_a, serial_bayou_lagoon_a
Lair:1:   layout_roguey [special_room_bee], portal_ice_cave_entry_ice_simulacra,
          lemuel_fruit_fields, uniq_urug
IceCv:    ice_cave_caverns_03

Skill      XL: |  1  2  3  4  5  6  7  8  9 10 11 12 |
---------------+-------------------------------------+-----
Unarmed Combat | 3 4 5 6 7 9 10 11 | 11.6
Fighting       | 4 6 8 10 11 | 11.2
Shapeshifting  | 4 7 8 10 11 | 11.1
Dodging        | |  1.6

Action                     |  1- 3 |  4- 6 |  7- 9 | 10-12 || total
---------------------------+-------+-------+-------+-------++-------
  Melee: Unarmed           |    92 |   111 |   236 |   388 ||   827
         Punch             |     1 |     3 |    14 |    22 ||    40
 Invoke: Serpent's Lash    |       |       |       |     1 ||     1
Ability: Lunge             |       |       |    30 |    66 ||    96
         Whirlwind         |       |       |     1 |     9 ||    10
  Evoke: Wand              |       |       |       |     3 ||     3
    Use: Scroll            |       |       |       |    13 ||    13
   Stab: Sleeping          |       |     1 |       |       ||     1
 Armour: Animal skin       |    27 |    34 |    10 |       ||    71
         Robe              |       |       |    57 |    85 ||   142
  Dodge: Dodged            |    40 |    42 |    59 |   144 ||   285
   Form: Blade             |       |       |       |     1 ||     1

Table legend: (Time is in decaauts)
 A = Elapsed time spent in this place.
 B = Non-inter-level travel time spent in this place.
 C = Inter-level travel time spent in this place.
 D = Time resting spent in this place.
 E = Time spent auto-exploring this place.
 F = Levels seen in this place.
 G = Mean time per level.
                   A        B        C        D        E       F      G
               +--------+--------+--------+--------+--------+-----+--------+
         Total |  12181 |  11802 |    379 |   2865 |   6476 |  14 |  870.1 |
       Dungeon |  10883 |  10504 |    379 |   2127 |   6401 |  11 |  989.4 |
          Lair |    343 |    343 |      0 |     68 |      0 |   1 |  343.0 |
        Bailey |      5 |      5 |      0 |      0 |      0 |   1 |    5.0 |
      Ice Cave |    949 |    949 |      0 |    670 |     75 |   1 |  949.0 |
               +--------+--------+--------+--------+--------+-----+--------+

Top non-repeatable levels by time:
    D:10: 1683 daAuts
     D:9: 1499 daAuts
     D:8: 1282 daAuts
     D:5: 981 daAuts
   IceCv: 949 daAuts
     D:4: 932 daAuts
     D:7: 867 daAuts
     D:2: 830 daAuts
    D:11: 804 daAuts
     D:1: 718 daAuts
     D:6: 679 daAuts
     D:3: 605 daAuts
  Lair:1: 343 daAuts
  Bailey: 5 daAuts
